 Dungeon Crawl Stone Soup version 0.17.0-15-g6d90897 (webtiles) character file.

6866 cras the Severer (level 10, -5/70 HPs)
             Began as a Minotaur Fighter on Nov 11, 2015.
             Was an Elder of Okawaru.
             Slain by a large abomination (27 damage)
             ... on level 1 of the Abyss.
             The game lasted 00:32:11 (8349 turns).

cras the Severer (Minotaur Fighter)                 Turns: 8349, Time: 00:32:13

Health: -5/70      AC: 13    Str: 20    XL:     10   Next: 78%
Magic:  15/17      EV:  6    Int:  1    God:    Okawaru [****..]
Gold:   355        SH: 11    Dex:  6    Spells: 0 memorised, 9 levels left

rFire  . . .     SeeInvis .     a - +1 war axe
rCold  . . .     Rnd*Rage +     o - +0 plate armour (curse)
rNeg   + . .     SustAt   .     c - +1 shield
rPois  .         Gourm    .     (helmet restricted)
rElec  .         Spirit   .     B - +0 cloak
rCorr  .         Warding  +     (no gloves)
rMut   .         Rnd*Tele +     D - +0 pair of boots
MR     .....                    s - amulet of warding
Stlth  ..........               (no ring)
                                x - ring of magical power

@: heroism, very slightly contaminated, hasted, very quick, not resistant to
hostile enchantments, extremely unstealthy
A: retaliatory headbutt, horns 2, berserk 2, blurry vision 2, clumsy 2, deformed
body, deterioration 1, dopey 2, frail 2, low mp 1, slow regeneration 1,
teleportitis 1, weak 2, subdued magic 1, MP-powered wands
a: Heroism, Renounce Religion


You were on level 1 of the Abyss.
You worshipped Okawaru.
Okawaru was greatly pleased with you.
You were near starving.

You visited 2 branches of the dungeon, and saw 10 of its levels.
You visited the Abyss 1 time.
You also visited: Sewer.

You collected 510 gold pieces.
You spent 155 gold pieces at shops.

Inventory:

Hand Weapons
 a - a +1 war axe (weapon)
 d - a +0 halberd
 h - a cursed +0 dagger
 i - a +0 hand axe of electrocution
 C - a +2 mace of protection
 P - a +2 falchion of flaming
 Q - a +0 short sword of venom
Missiles
 S - 7 poisoned tomahawks (quivered)
Armour
 c - a +1 shield (worn)
 o - a cursed +0 plate armour (worn)
 p - a +0 chain mail
 B - a +0 cloak (worn)
 D - a +0 pair of boots (worn)
Rods
 N - a -1 rod of destruction (9/9)
   (You found it on level 8 of the Dungeon)
Jewellery
 s - an amulet of warding (around neck)
 x - a ring of magical power (left hand)
 G - an uncursed ring of protection from magic {unknown}
Wands
 A - a wand of fireball (6)
 J - a wand of disintegration (17)
 M - a wand of fireball (4)
Scrolls
 g - 2 scrolls of recharging
 j - 3 scrolls of remove curse
 l - a scroll of amnesia
 m - a scroll of enchant armour
 y - a scroll of magic mapping
 I - a scroll of enchant weapon
 R - a scroll of identify
Potions
 b - 2 potions of cancellation
 f - 4 potions of brilliance
 q - a potion of degeneration {unknown}
 r - a potion of haste
 u - a potion of mutation {unknown}
 v - a potion of resistance {unknown}
 z - 2 potions of ambrosia {unknown}
 H - a potion of invisibility {unknown}
 K - a potion of poison {unknown}
Books
 t - a book of Clouds

   Spells                             Type                      Level
   a - Mephitic Cloud                 Conjuration/Poison/Air       3
   b - Conjure Flame                  Conjuration/Fire             3
   c - Poisonous Cloud                Conjuration/Poison/Air       6
   d - Freezing Cloud                 Conjuration/Ice/Air          6
   e - Ring of Flames                 Charms/Fire                  7
 O - a book of Death

   Spells                             Type                      Level
   a - Corpse Rot                     Necromancy                   2
   b - Sublimation of Blood           Necromancy                   2
   c - Agony                          Necromancy                   5
   d - Dispel Undead                  Necromancy                   5
   e - Excruciating Wounds            Charms/Necromancy            5
   f - Bolt of Draining               Conjuration/Necromancy       5
Comestibles
 e - 9 bread rations
 k - a royal jelly
 n - 15 fruits
 E - 3 meat rations
 F - 4 beef jerkies
 L - 6 slices of pizza


   Skills:
 + Level 7.7(12.7) Fighting
 - Level 16.3(21.3) Axes
 + Level 7.6(12.6) Armour
 - Level 3.6(8.6) Shields


You had 9 spell levels left.
You didn't know any spells.

Dungeon Overview and Level Annotations

Branches:
Dungeon (9/15)             Temple (1/1) D:5
   Lair: D:8-11         Orc: D:9-12

Altars:
Ashenzari
Cheibriados
Dithmenos
Gozag
Kikubaaqudgha
Makhleb
Nemelex Xobeh
Okawaru
Qazlal
Sif Muna
Trog
Vehumet
Xom
Zin
The Shining One

Shops:
D:5 (:*[

Annotations:
D:4 Eustachio


Innate Abilities, Weirdness & Mutations

You reflexively headbutt those who attack you in melee.
You have a pair of horns on your head.
[You often lose your temper in combat.]
[Scrolls take you longer to read.]
[You are very clumsy. (Dex -4)]
[Armour fits poorly on your strangely shaped body.]
[Your body sometimes deteriorates upon taking damage.]
[You are very dopey. (Int -4)]
[You are very frail (-20% HP).]
[Your magical capacity is low (-10% MP).]
[You regenerate slowly when monsters are visible.]
[You are occasionally teleported to nearby monsters.]
[You are very weak. (Str -4)]
[Your spells are a little easier to cast, but a little less powerful.]
[You expend magic power (3 MP) to strengthen your wands.]


Message History

The wretched star pulses with an eldritch light!
You feel a little pissed off.
You feel yourself wasting away.
Your vision blurs.
The orange demon twists and deforms.
The sixfirhy twists and deforms.
You block the sixfirhy's attack. The sixfirhy hits you.
The sixfirhy shocks you.
* * * LOW HITPOINT WARNING * * *
You block the sixfirhy's attack. x2
You block the large abomination's attack.
You see here a beef jerky.
There are no items here.
You gain the combat prowess of a mighty hero.
You feel slightly more hungry.
You hit the large abomination but do no damage.
The wretched star pulses with an eldritch light!
You feel angry.
You feel stupid.
You feel your magical essence link to your wands.
Your vision blurs.
The large abomination hits you!!
You die...

. . ... ..
.4.#### #.#
.###..
..#4#..# .
...
#....#.*...#
# ..##..#
.#.###.*#
#.## ..#..
##..#X## ..
#..## .#
.#... # #
###
..##...## .
. ... ###.
#*### . . .
..# #..#X@#.
. ...#
##.#### #.
#.# . # . .
. .## ##...
.#. # ... .
. #. #..
.#.. #. # #
. . .#. # #
# . #.N. .##
# . #.# # #


You could see a wretched star and a large abomination.

Vanquished Creatures
  A hydra (D:8)
  A large abomination (Abyss:1)
  An ancient zyme (Abyss:1)
  A two-headed ogre (D:8)
  The ghost of gw the Cutter, an amateur HaAs of Okawaru (D:4)
  2 yaks (D:8)
  2 insubstantial wisps (Abyss:1)
  Duvessa (D:5)
  2 sky beasts (D:8)
  3 orc warriors
  A phantom (D:6)
  4 black bears
  A water moccasin (D:8)
  4 ogres
  2 centaurs
  The ghost of ces the Bolt Thrower, an amateur DsHu (D:3)
  A crocodile (Sewer)
  3 giant frogs
  Dowan (D:5)
  5 big kobolds
  2 scorpions
  6 killer bees (D:8)
  3 small abominations (Abyss:1)
  8 wights
  3 crimson imps
  2 hounds
  An iron imp (D:7)
  A giant frog zombie (D:6)
  11 orc priests
  9 orc wizards
  Crazy Yiuf (D:4)
  A centaur zombie (D:7)
  3 jellies
  Terence (D:3)
  A giant frog skeleton (D:6)
  7 worker ants
  2 sheep (D:8)
  4 gnolls (D:2)
  12 adders
  A shadow imp (D:7)
  An ufetubus (Abyss:1)
  An adder zombie (D:8)
  4 worms
  3 adder skeletons
  3 giant geckos
  28 orcs
  9 giant cockroaches
  11 goblins
  7 hobgoblins
  16 kobolds
  8 quokkas
  2 ball pythons (D:2)
  5 bats
  5 giant newts
  2 jackals (Sewer)
  11 rats
  3 fungi (D:4)
236 creatures vanquished.

Vanquished Creatures (others)
  5 plants (D:8)
5 creatures vanquished.

Grand Total: 241 creatures vanquished

Notes
Turn   | Place    | Note
--------------------------------------------------------------
     0 | D:1      | cras the Minotaur Fighter began the quest for the Orb.
     0 | D:1      | Reached XP level 1. HP: 19/19 MP: 0/0
   182 | D:1      | Reached XP level 2. HP: 26/26 MP: 1/1
   528 | D:2      | Reached skill level 4 in Axes
   528 | D:2      | Reached XP level 3. HP: 28/31 MP: 2/2
   805 | D:2      | Reached skill level 5 in Axes
   852 | D:2      | Reached XP level 4. HP: 28/39 MP: 3/3
  1218 | D:2      | Reached skill level 6 in Axes
  1572 | D:3      | Noticed Terence
  1581 | D:3      | Killed Terence
  1581 | D:3      | Reached XP level 5. HP: 36/45 MP: 4/4
  2070 | D:3      | Noticed ces's ghost (amateur DsHu)
  2077 | D:3      | Killed ces's ghost
  2077 | D:3      | Reached skill level 7 in Axes
  2372 | D:3      | Reached XP level 6. HP: 46/51 MP: 5/5
  2508 | D:4      | Noticed gw's ghost (amateur HaAs)
  2526 | D:3      | Reached skill level 8 in Axes
  2610 | D:4      | Killed gw's ghost
  2610 | D:4      | Reached skill level 9 in Axes
  2610 | D:4      | Reached XP level 7. HP: 29/57 MP: 6/6
  2638 | D:4      | Reached skill level 10 in Axes
  2897 | D:4      | Found a glowing drain.
  2906 | Sewer    | Entered a sewer
  3060 | D:4      | Found a shattered altar of Ashenzari.
  3111 | D:4      | Noticed Eustachio
  3272 | D:4      | Noticed Crazy Yiuf
  3277 | D:4      | Killed Crazy Yiuf
  3323 | D:5      | Entered Level 5 of the Dungeon
  3324 | D:5      | Found a staircase to the Ecumenical Temple.
  3631 | D:5      | Found Rocs's Assorted Antiques.
  3642 | D:5      | Bought a potion of heal wounds for 155 gold pieces
  3679 | Temple   | Entered the Ecumenical Temple
  3843 | Temple   | Became a worshipper of Warmaster Okawaru
  3876 | D:5      | Noticed Duvessa
  3876 | D:5      | Reached skill level 11 in Axes
  3878 | D:5      | Reached XP level 8. HP: 34/64 MP: 7/7
  3880 | D:5      | Noticed Dowan
  3882 | D:5      | Killed Duvessa
  3895 | D:5      | Killed Dowan
  3925 | D:5      | Found Lelon's Weapon Boutique.
  4011 | D:5      | Reached skill level 12 in Axes
  4054 | D:5      | Found Benwutt's Antique Armour Shoppe.
  4141 | D:5      | Found Linefoal's Book Shop.
  4298 | D:6      | Reached * piety under Okawaru
  4731 | D:6      | Reached skill level 13 in Axes
  4840 | D:6      | Found a radiant altar of Vehumet.
  4911 | D:6      | Reached XP level 9. HP: 65/70 MP: 8/8
  5195 | D:7      | Reached skill level 14 in Axes
  5211 | D:7      | Reached ** piety under Okawaru
  5500 | D:7      | Found a snail-covered altar of Cheibriados.
  5808 | D:7      | Reached skill level 15 in Axes
  6160 | D:8      | Reached *** piety under Okawaru
  6182 | D:8      | Reached skill level 16 in Axes
  6284 | D:8      | HP: 3/70 [orc priest/divine providence (16)]
  6683 | D:8      | Reached XP level 10. HP: 70/77 MP: 9/9
  7474 | D:8      | Found a glowing golden altar of the Shining One.
  7475 | D:8      | Found an ancient bone altar of Kikubaaqudgha.
  7544 | D:8      | Reached skill level 5 in Fighting
  7544 | D:8      | Reached skill level 5 in Armour
  7552 | D:8      | Noticed a two-headed hydra
  7560 | D:8      | Killed a one-headed hydra
  7560 | D:8      | Reached **** piety under Okawaru
  7799 | D:9      | Cast into the Abyss (orc wizard)
  7884 | Abyss:1  | Noticed a salamander stormcaller
  7900 | Abyss:1  | Noticed a worldbinder
  7912 | Abyss:1  | Noticed an elephant
  7984 | Abyss:1  | Noticed a bone dragon
  8092 | Abyss:1  | Noticed a bone dragon
  8127 | Abyss:1  | Noticed a worldbinder
  8293 | Abyss:1  | Noticed a tentacled starspawn
  8293 | Abyss:1  | Noticed a salamander stormcaller
  8303 | Abyss:1  | Noticed a wretched star
  8306 | Abyss:1  | Noticed a sixfirhy
  8349 | Abyss:1  | Slain by a large abomination

Action                   |  1- 3 |  4- 6 |  7- 9 | 10-12 || total
-------------------------+-------+-------+-------+-------++-------
Melee: War axe           |    56 |   149 |   155 |    42 ||   402
       Hand axe          |       |       |   232 |    96 ||   328
       Falchion          |       |       |       |    15 ||    15
Invok: Heroism           |       |       |       |     5 ||     5
  Use: Scroll            |     2 |     8 |    11 |     5 ||    26
       Potion            |     1 |     1 |    11 |     2 ||    15
 Stab: Distracted        |       |       |       |     1 ||     1
  Eat: Chunk             |       |     3 |     4 |       ||     7
       Bread ration      |       |     1 |       |       ||     1
       Meat ration       |       |       |     1 |     1 ||     2
       Pizza             |       |       |     1 |       ||     1
